 Dungeon Crawl Stone Soup version 0.27-a0-789-g6bb3289e1e (webtiles) character file.

Game seed: 15957400834791434183

3902 dolemite99 the Spear-Bearer (level 10, -2/69 HPs)
             Began as a Merfolk Gladiator on Mar 27, 2021.
             Was a Believer of Hepliaklqana.
             Slain by a killer bee (4 damage)
             ... on level 9 of the Dungeon.
             The game lasted 00:11:28 (10351 turns).

dolemite99 the Spear-Bearer (Merfolk Gladiator)    Turns: 10351, Time: 00:11:29

Health: -2/69      AC: 12    Str: 19    XL:     10   Next: 20%
Magic:  9/10       EV: 10    Int:  7    God:    Hepliaklqana [**....]
Gold:   144        SH:  0    Dex: 15    Spells: 9/9 levels left

rFire    . . .     SeeInvis .   a - +0 trident (spect)
rCold    . . .     Faith    .   (no shield)
rNeg     . . .     Spirit   .   i - +0 chain mail
rPois    .         Reflect  .   c - +0 helmet
rElec    .         Harm     .   l - +0 cloak
rCorr    .         Rampage  .   (no gloves)
Will     .....                  (no boots)
Stlth    ..........             (no amulet)
HPRegen  0.21/turn              (no ring)
MPRegen  0.12/turn              (no ring)

@: lethally poisoned (-2 -> -23), slowed, very slow
A: reduced essence, (nimble swimmer 2), mertail
a: Renounce Religion, Recall Ancestor, Ancestor Identity


You were on level 9 of the Dungeon.
You worshipped Hepliaklqana.
Hepliaklqana was pleased with you.
You visited 2 branches of the dungeon, and saw 12 of its levels.

You collected 276 gold pieces.
You spent 132 gold pieces at shops.

Inventory:

Hand Weapons
 a - a +0 spectral trident (weapon)
 t - a +0 hunting sling
 x - a +0 shortbow
Missiles
 d - 3 throwing nets (quivered)
 e - 286 stones
 f - 111 arrows
 o - 6 javelins
 p - 4 boomerangs of dispersal
 A - 38 bolts
Armour
 b - a +0 leather armour
 c - a +0 helmet (worn)
 i - a +0 chain mail (worn)
 l - a +0 cloak (worn)
Magical Staves
 k - a staff of earth
 B - a staff of air
Jewellery
 n - a ring of fire
 s - an amulet of regeneration
Wands
 y - a wand of polymorph (1)
 G - a wand of acid (7)
Scrolls
 h - 2 scrolls of brand weapon
 v - 2 scrolls of vulnerability
 z - 4 scrolls of noise
 C - a scroll of enchant armour {unknown}
Potions
 g - 2 potions of degeneration {unknown}
 j - 2 potions of ambrosia
 m - 2 potions of resistance
 r - 4 potions of lignification
 u - a potion of magic {unknown}
 D - a potion of flight {unknown}
 E - 2 potions of curing


   Skills:
 - Level 6.8 Fighting
 - Level 0.1(5.5) Axes
 - Level 14.3 Polearms
 - Level 2.0 Throwing
 + Level 5.7 Armour
 - Level 5.7 Dodging


You had 9 spell levels left.
You didn't know any spells.
Your spell library contained the following spells:

 Spells                   Type           Power      Damage    Failure   Level
 Beastly Appendage        Tmut           0%         N/A       99%         1
 Shock                    Conj/Air       0%         1d3       99%         1
 Swiftness                Air            0%         N/A       100%        2
 Wereblood                Tmut           0%         N/A       100%        2
 Spider Form              Tmut/Pois      0%         N/A       100%        3
 Static Discharge         Conj/Air       0%         N/A       100%        3
 Airstrike                Air            0%         N/A       100%        4
 Ice Form                 Ice/Tmut       0%         N/A       100%        4
 Blade Hands              Tmut           0%         N/A       100%        5
 Lightning Bolt           Conj/Air       0%         1d11      100%        5


Dungeon Overview and Level Annotations

Branches:
Dungeon (11/15)            Temple (1/1) D:5            Lair (0/6) D:10
    Orc (0/2) D:11

Altars:
Ashenzari
Cheibriados
Dithmenos
Elyvilon
Fedhas
Gozag
Hepliaklqana
Kikubaaqudgha
Makhleb
Nemelex Xobeh
Okawaru
Qazlal
Ru
Sif Muna
Trog
Uskayaw
Vehumet
Wu Jian
Xom
Yredelemnul
Zin
The Shining One

Shops:
D:6 *


Innate Abilities, Weirdness & Mutations

Your life essence is reduced to manifest your ancestor. (-10% HP)
((You are quick and stealthy while swimming. (Stealth+, EV+, Speed+++)))
Your lower body shifts to a powerful aquatic tail in water.


Message History

The centaur appears confused.
The killer bee stings you but does no damage.
The killer bee closely misses you.
The killer bee stings you but does no damage. x2
The hornet stings you!
You are poisoned.
You feel as though you will be slow longer.
The centaur is engulfed in noxious fumes.
The centaur appears confused.
The killer bee stings you but does no damage.
The killer bee barely misses you. The killer bee stings you!
* * * LOW HITPOINT WARNING * * *
You are lethally poisoned!
The killer bee poisons you!
The killer bee stings you but does no damage.
The hornet stings you but does no damage.
You feel much better.
* * * LOW HITPOINT WARNING * * *
You feel extremely sick. The killer bee closely misses you.
The killer bee stings you.
* * * LOW HITPOINT WARNING * * *
You are more poisoned.
The killer bee poisons you! The killer bee closely misses you.
The killer bee stings you but does no damage.
The centaur is engulfed in noxious fumes.
The centaur appears confused.
You hear a sizzling splash. x2
The killer bee misses you. The killer bee barely misses you.
The killer bee closely misses you.
The orc warrior falls into the lava!
The orc warrior is incinerated.
You hear a sizzling splash. x2
The orc priest hits you but does no damage.
The hornet stings you!
* * * LOW HITPOINT WARNING * * *
You feel as though you will be slow longer.
The killer bee stings you.
* * * LOW HITPOINT WARNING * * *
You are more poisoned.
The killer bee poisons you! The killer bee stings you.
You die...

..○☼≈§###+##
.≈°.Z§...<.#
.☼°≈c§.....##
≈≈.K§§......# #
§≈.≈§.......#.#
#..WYDy.......
#...cyyyy.#
#...oy@yy.#
######o#### #.#
#o# .o# .## +


You could see a yak, a hornet, 2 orc warriors, an acid dragon, a kobold brigand,
a shadow, 2 centaurs, 7 killer bees, an orc priest, an orc and a centaur zombie.

Vanquished Creatures
  Grinder (D:3)
  A shadow (D:10)
  4 water moccasins
  An ice beast (D:7)
  5 ogres
  A black bear (D:7)
  A centaur (D:5)
  A kobold brigand (D:10)
  A bullfrog (D:7)
  A gnoll sergeant (D:5)
  A wyvern zombie (D:6)
  2 scorpions
  A water moccasin skeleton (D:6)
  3 killer bees
  A howler monkey (D:7)
  5 hounds
  An orc priest (D:6)
  A bullfrog skeleton (D:5)
  A centaur skeleton (D:5)
  4 iguanas
  3 orc wizards (D:5)
  A gnoll shaman (D:7)
  Ijyb (D:5)
  Natasha (thrice) (D:2)
  Robin (D:2)
  7 gnolls
  9 adders
  A white imp (D:7)
  3 dart slugs
  11 orcs
  5 ball pythons
  7 endoplasms
  A giant cockroach (D:3)
  8 goblins
  6 hobgoblins
  12 jackals
  4 quokkas
  4 bats
  3 frilled lizards
  A jackal skeleton (D:4)
  8 kobolds
  7 rats
143 creatures vanquished.

Vanquished Creatures (collateral kills)
  A death yak (D:10)
  A water moccasin (D:7)
  A scorpion (D:5)
  4 killer bees
  A howler monkey (D:7)
  A hound (D:6)
  A bullfrog skeleton (D:6)
  An orc wizard (D:6)
  A gnoll (D:7)
  An adder (Temple)
  A white imp (D:7)
  2 orcs
  2 kobolds (D:10)
18 creatures vanquished.

Vanquished Creatures (others)
  An orc warrior (D:9)
  2 centaurs (D:9)
  2 ancestors
  3 plants (D:6)
8 creatures vanquished.

Grand Total: 169 creatures vanquished

Notes
Turn   | Place    | Note
-------+----------+-------------------------------------------
     0 | D:1      | dolemite99 the Merfolk Gladiator began the quest for the
                  | Orb.
     0 | D:1      | Reached XP level 1. HP: 16/16 MP: 1/1
   103 | D:1      | Reached XP level 2. HP: 22/22 MP: 2/2
   176 | D:1      | Reached skill level 5 in Polearms
   900 | D:1      | Reached XP level 3. HP: 25/27 MP: 3/3
  1595 | D:2      | Found a stormy altar of Qazlal.
  1745 | D:2      | Reached skill level 6 in Polearms
  1958 | D:2      | Noticed Natasha
  1971 | D:2      | Killed Natasha
  1972 | D:2      | Reached skill level 5 in Dodging
  1972 | D:2      | Reached XP level 4. HP: 33/33 MP: 4/4
  2064 | D:2      | Noticed Natasha
  2070 | D:2      | Killed Natasha
  2267 | D:2      | Noticed Robin
  2285 | D:2      | Reached skill level 7 in Polearms
  2288 | D:2      | Reached XP level 5. HP: 35/38 MP: 5/5
  2297 | D:2      | Killed Robin
  2634 | D:2      | Noticed Natasha
  2713 | D:2      | Killed Natasha
  3176 | D:3      | Noticed a water moccasin
  3202 | D:3      | Noticed Grinder
  3210 | D:3      | Killed a water moccasin
  3211 | D:3      | Reached skill level 9 in Polearms
  3211 | D:3      | Reached XP level 6. HP: 23/44 MP: 6/6
  3502 | D:3      | Killed Grinder
  3503 | D:3      | Reached skill level 10 in Polearms
  3503 | D:3      | Reached XP level 7. HP: 44/50 MP: 7/7
  3503 | D:3      | Found a sparkling altar of Nemelex Xobeh.
  3562 | D:3      | Found a shimmering blue altar of Sif Muna.
  3687 | D:3      | Found a radiant altar of Vehumet.
  3695 | D:3      | Found a hazy altar of Hepliaklqana.
  3808 | D:3      | Became a worshipper of Hepliaklqana the Forgotten
  3915 | D:4      | Reached skill level 11 in Polearms
  4023 | D:4      | Found a burning altar of Makhleb.
  4231 | D:4      | Found a blossoming altar of Fedhas.
  4507 | D:4      | Reached skill level 12 in Polearms
  4507 | D:4      | Reached XP level 8. HP: 50/50 MP: 8/8
  4702 | D:5      | Entered Level 5 of the Dungeon
  4714 | D:5      | Reached * piety under Hepliaklqana
  5011 | D:5      | Reached skill level 13 in Polearms
  5255 | D:5      | Found a staircase to the Ecumenical Temple.
  5345 | D:5      | Reached skill level 14 in Polearms
  5414 | D:5      | Noticed Ijyb
  5427 | Temple   | Entered the Ecumenical Temple
  6272 | D:5      | Killed Ijyb
  6469 | D:5      | Found a sparkling altar of Nemelex Xobeh.
  6496 | D:5      | Found a basalt altar of Yredelemnul.
  6701 | D:6      | Reached XP level 9. HP: 52/58 MP: 9/9
  6948 | D:6      | Reached skill level 5 in Fighting
  7198 | D:6      | Found Plog's General Store.
  7206 | D:6      | Bought 2 potions of heal wounds for 110 gold pieces
  7206 | D:6      | Bought a scroll of identify for 22 gold pieces
  7226 | D:6      | Found a white marble altar of Elyvilon.
  7718 | D:7      | Reached ** piety under Hepliaklqana
  7719 | D:7      | Remembered your ancestor Plamen as a knight
  8486 | D:7      | Reached skill level 1 in Armour
  9633 | D:7      | HP: 2/63 [killer bee (6)]
 10049 | D:8      | Found a shadowy altar of Dithmenos.
 10160 | D:8      | You fall into a shaft and drop 3 floors!
 10172 | D:10     | Entered Level 10 of the Dungeon
 10281 | D:10     | Reached XP level 10. HP: 69/69 MP: 7/10
 10304 | D:9      | Found a shimmering altar of Xom.
 10326 | D:10     | Noticed a death yak
 10328 | D:10     | Noticed a centaur warrior
 10331 | D:10     | Noticed a death yak
 10339 | D:10     | Killed a death yak
 10340 | D:10     | Reached skill level 5 in Armour
 10348 | D:9      | Paralysed by a hornet for 2 turns
 10351 | D:9      | HP: 2/69 [killer bee (2)]
 10351 | D:9      | Slain by a killer bee

Illustrated notes

Levels and vault maps discovered:
D:1:      ncdulo_smallfort, layout_rooms
D:2:      layout_basic, lemuel_coloured_pillars_altar, uniq_robin, uniq_natasha
D:3:      layout_rooms, nemelex_xobeh_ov_fountains_minmay,
          nicolae_overflow_hidden_temple, minitemple, uniq_grinder
D:4:      layout_loops_ring, makhleb_blood_cavern_becter, kennysheep_mini_moat
D:5:      layout_rooms, marbit_many_paths, minmay_temple_entry_glass,
          nemelex_diamond_rough_becter, uniq_ijyb
D:6:      layout_loops_ring, nicolae_elyvilon_temple_path, serial_shops, shop,
          skrybe_limestone_x, minivault_4, chequers_decorated_corner
D:7:      layout_basic, st_stairs_12, kennysheep_windowed_goal
D:8:      layout_basic, nicolae_dithmenos_the_darkroom, basic_altar, uniq_joseph
D:9:      layout_roguey, xom_confusion_cloud, enter_bailey_2
D:10:     layout_loops_ring, dpeg_lair_monsters, serial_shops, shop
D:11:     layout_grid_maze, minmay_orc_entry_temple_small,
          portal_ice_cave_entry_animals_and_master, tso_metal_star
Temple:   minmay_temple_curvy_loop

Skill      XL: |  1  2  3  4  5  6  7  8  9 10 |
---------------+-------------------------------+-----
Polearms       | 5 6 7 9 10 12 14 | 14.3
Dodging        | 5 |  5.7
Fighting       | 4 6 |  6.8
Armour         | 4 5 |  5.7
Axes           | |  0.1
Throwing       | |  2.0

Action                   |  1- 3 |  4- 6 |  7- 9 | 10-12 || total
-------------------------+-------+-------+-------+-------++-------
Melee: Trident           |   112 |   101 |   192 |     5 ||   410
       Unarmed           |       |    11 |     3 |       ||    14
       Tailslap          |       |       |     1 |       ||     1
Throw: Javelin           |       |       |    22 |       ||    22
       Dart              |       |       |       |     5 ||     5
Invok: Recall Ancestor   |       |       |     4 |     1 ||     5
       Ancestor Life: Kn |       |       |     1 |       ||     1
  Use: Potion            |       |     3 |     1 |     2 ||     6
       Scroll            |       |     2 |     6 |     1 ||     9
 Stab: Confused          |       |     1 |       |       ||     1
       Distracted        |       |       |     1 |       ||     1
Armor: Leather armour    |    20 |       |       |       ||    20
       Chain mail        |    38 |    64 |    58 |    18 ||   178
Dodge: Dodged            |    52 |    32 |    62 |    16 ||   162

Table legend: (Time is in decaauts)
 A = Elapsed time spent in this place.
 B = Non-inter-level travel time spent in this place.
 C = Inter-level travel time spent in this place.
 D = Time resting spent in this place.
 E = Time spent auto-exploring this place.
 F = Levels seen in this place.
 G = Mean time per level.
                   A        B        C        D        E       F      G
               +--------+--------+--------+--------+--------+-----+--------+
         Total |  10248 |   9849 |    399 |   3968 |   4392 |  12 |  854.0 |
       Dungeon |   9427 |   9051 |    376 |   3414 |   4184 |  11 |  857.0 |
        Temple |    820 |    797 |     23 |    554 |    207 |   1 |  820.0 |
               +--------+--------+--------+--------+--------+-----+--------+

Top non-repeatable levels by time:
     D:7: 2293 daAuts
     D:2: 1803 daAuts
     D:1: 1253 daAuts
     D:4: 1090 daAuts
     D:6: 1063 daAuts
  Temple: 820 daAuts
     D:3: 795 daAuts
     D:5: 737 daAuts
     D:8: 205 daAuts
    D:10: 167 daAuts
    D:11: 11 daAuts
     D:9: 6 daAuts
